 Dungeon Sprint DCSS version 0.27-a0-1378-gdefffd1ff6 (webtiles) character file.

Game seed: 1313897003724148977

2798 mhtbhm the Earth Mage (level 9, -4/51 HPs)
             Began as a Gargoyle Earth Elementalist on June 29, 2021.
             Was a Priest of Vehumet.
             Shot with an arrow by a centaur warrior (9 damage)
             ... in the Dungeon (Sprint IX: "|||||||||||||||||||||||||||||").
             The game lasted 00:01:54 (763 turns).

mhtbhm the Earth Mage (Gargoyle Earth Elementalist)  Turns: 763, Time: 00:01:55

Health: -4/51      AC: 11    Str: 11    XL:     9   Next: 71%
Magic:  0/24       EV: 13    Int: 23    God:    Vehumet [***...]
Gold:   0          SH:  0    Dex: 10    Spells: 16/31 levels left

rFire    . . .     SeeInvis .   a - +2 dire flail (protect)
rCold    . . .     Faith    .   (shield currently unavailable)
rNeg     + . .     Spirit   .   b - +0 robe
rPois    ∞         Reflect  .   (no helmet)
rElec    +         Harm     .   (no cloak)
rCorr    .         Rampage  .   (no gloves)
Will     .....     NoTele   +   m - +0 pair of boots
Stlth    +++.......             (no amulet)
HPRegen  0.17/turn              n - +2 ring of protection
MPRegen  0.19/turn              o - +3 ring of intelligence

@: no status effects
A: sickness immunity, AC +6, negative energy resistance 1, electricity
resistance, torment resistance 1, petrification resistance
a: Renounce Religion


You were in the Dungeon.
You worshipped Vehumet.
Vehumet was most pleased with you.
You visited 1 branch

Inventory:

Hand Weapons
 a - a +2 dire flail of protection (weapon)
Missiles
 i - 14 stones
Armour
 b - a +0 robe (worn)
 m - a +0 pair of boots (worn)
Jewellery
 n - a +2 ring of protection (left hand)
 o - a +3 ring of intelligence (right hand)
Wands
 l - a wand of acid (3)
Scrolls
 h - 2 scrolls of blinking
 k - 2 scrolls of amnesia
Potions
 c - 5 potions of curing
 d - a potion of heal wounds
 e - a potion of haste
 f - 4 potions of magic
 g - a potion of berserk rage
 j - a potion of invisibility


   Skills:
 + Level 3.4 Fighting
 + Level 6.4 Dodging
 + Level 7.2 Stealth
 + Level 1.2 Unarmed Combat
 + Level 11.7 Spellcasting
 + Level 0.8 Transmutations
 + Level 16.4 Earth Magic
 + Level 3.2 Evocations


You had 16 spell levels left.
You knew the following spells:

 Your Spells              Type           Power      Damage    Failure   Level
a - Sandblast             Erth           100%       2d20      0%          1
b - Passwall              Tmut/Erth      43%        N/A       1%          2
c - Stone Arrow           Conj/Erth      100%       3d13      1%          3
d - Lee's Rapid Deconstr  Erth           36%        3d19*     1%          5
e - Petrify               Tmut/Erth      52%        N/A       1%          4

Your spell library contained the following spells:

 Spells                   Type           Power      Damage    Failure   Level
 Magic Dart               Conj           52%        1d5       1%          1


Dungeon Overview and Level Annotations

Branches:
Dungeon (1/1)

Altars:
Cheibriados
Dithmenos
Elyvilon
Fedhas
Gozag
Hepliaklqana
Kikubaaqudgha
Makhleb
Nemelex Xobeh
Okawaru
Qazlal
Ru
Sif Muna
Trog
Uskayaw
Vehumet
Wu Jian
Xom
Yredelemnul
Zin
The Shining One
Beogh
Jiyva
Lugonu


Innate Abilities, Weirdness & Mutations

You are immune to sickness and miasma.
Your stone body is resilient. (AC +6)
You are immune to poison.
You resist negative energy. (rN+)
You are resistant to electric shocks. (rElec)
You are resistant to unholy torment.
You are immune to petrification.


Message History

The centaur warrior is heavily wounded.
Unknown command.
Casting: Lee's Rapid Deconstruction (safe; 1% risk of failure)
Confirm with . or Enter, or press ? or * to list all spells.
Okay, then.
Things that are here:
a +0 dagger; a +0 robe
Things that are here:
a +0 shortbow; 23 arrows; a centaur corpse
There is an open door to the Dungeon here.
You see here a yak corpse.
Casting: Lee's Rapid Deconstruction (safe; 1% risk of failure)
Confirm with . or Enter, or press ? or * to list all spells.
Aiming: Lee's Rapid Deconstruction (safe; 1% risk of failure)
Press: ? - help, Dir - move target, f/p - troll Fragment what (e.g. wall or brittle monster)?: a troll (moderately wounded, covered in acid)
An open door to the Dungeon.
The stone door frame shatters!
The blast of rock fragments hits the troll!!!
You kill the troll!
Vehumet accepts your kill.
The blast of rock fragments hits the centaur warrior!!
The centaur warrior is almost dead.
The centaur warrior wields a +0 shortbow.
The centaur warrior shoots an arrow.
The arrow hits you!
* * * LOW HITPOINT WARNING * * *
Unknown command.
Unknown command.
Casting: Lee's Rapid Deconstruction (safe; 1% risk of failure)
Confirm with . or Enter, or press ? or * to list all spells.
You don't have enough magic to cast this spell.
Unknown command.
Casting: Lee's Rapid Deconstruction (safe; 1% risk of failure)
Confirm with . or Enter, or press ? or * to list all spells.
Aiming: Stone Arrow (safe; 1% risk of failure)
Press: ? - help, Shift-Dir - straight line, f - centaur warrior
Aim: a centaur warrior, wielding a +0 shortbow and quivering arrows (almost dead, covered in acid, 84% to hit)
The stone arrow misses the centaur warrior.
The centaur warrior shoots an arrow.
The arrow hits you!
You die...

▓'▓
▓.▓
▓.▓
▓)▓
▓.▓
▓.▓
▓[▓
▓[▓
▓@▓
▓†▓
▓'▓
▓c▓
▓)▓
▓.▓
▓.▓
▓.▓
▓.▓


You could see a centaur warrior (corroded).

Vanquished Creatures
  A hydra (D)
  A tengu warrior (D)
  An unseen horror (D)
  2 trolls (D)
  A tarantella (shapeshifter) (D)
  2 shadows (D)
  A yak (D)
  A centaur (D)
  A hound (D)
  A jelly (D)
  An orc wizard (D)
  2 orcs (D)
  A ball python (D)
  2 bats (D)
  An endoplasm (D)
  A jackal zombie (D)
  A rat (D)
21 creatures vanquished.

Notes
Turn   | Place    | Note
-------+----------+-------------------------------------------
     0 | D        | mhtbhm the Gargoyle Earth Elementalist began the quest for
                  | the Orb.
     0 | D        | Reached XP level 1. HP: 10/10 MP: 3/3
     5 | D        | Reached skill level 4 in Earth Magic
   290 | D        | Noticed a jelly
   290 | D        | Noticed a hound
   292 | D        | Killed a jelly
   293 | D        | Reached skill level 6 in Earth Magic
   293 | D        | Reached XP level 2. HP: 15/15 MP: 3/6
   293 | D        | Reached XP level 3. HP: 19/19 MP: 3/7
   322 | D        | Reached skill level 7 in Earth Magic
   322 | D        | Reached XP level 4. HP: 15/24 MP: 0/10
   501 | D        | Found a snail-covered altar of Cheibriados.
   501 | D        | Found a shadowy altar of Dithmenos.
   501 | D        | Found a white marble altar of Elyvilon.
   501 | D        | Found a blossoming altar of Fedhas.
   501 | D        | Found an opulent altar of Gozag.
   502 | D        | Found a hazy altar of Hepliaklqana.
   503 | D        | Found a viscous altar of Jiyva.
   504 | D        | Found an ancient bone altar of Kikubaaqudgha.
   505 | D        | Found a corrupted altar of Lugonu.
   506 | D        | Found a burning altar of Makhleb.
   507 | D        | Found a sparkling altar of Nemelex Xobeh.
   508 | D        | Found an iron altar of Okawaru.
   509 | D        | Found a stormy altar of Qazlal.
   510 | D        | Found a sacrificial altar of Ru.
   511 | D        | Found a shimmering blue altar of Sif Muna.
   512 | D        | Found a bloodstained altar of Trog.
   513 | D        | Found a hide-covered altar of Uskayaw.
   514 | D        | Found a radiant altar of Vehumet.
   515 | D        | Found an ornate altar of the Wu Jian Council.
   516 | D        | Found a shimmering altar of Xom.
   517 | D        | Found a basalt altar of Yredelemnul.
   518 | D        | Found a glowing silver altar of Zin.
   519 | D        | Found a glowing golden altar of the Shining One.
   522 | D        | Became a worshipper of Vehumet
   558 | D        | Learned a level 2 spell: Passwall
   562 | D        | Learned a level 3 spell: Stone Arrow
   562 | D        | Noticed a shadow
   562 | D        | Noticed a yak
   562 | D        | Noticed a troll
   562 | D        | Noticed a centaur
   566 | D        | Reached skill level 8 in Earth Magic
   566 | D        | Killed a shadow
   567 | D        | Reached skill level 5 in Stealth
   567 | D        | Reached skill level 10 in Earth Magic
   567 | D        | Reached XP level 5. HP: 14/30 MP: 7/13
   567 | D        | Reached XP level 6. HP: 16/35 MP: 8/15
   567 | D        | Killed an unseen horror
   567 | D        | Reached * piety under Vehumet
   567 | D        | Offered knowledge of Freeze by Vehumet.
   568 | D        | Reached skill level 12 in Earth Magic
   568 | D        | Reached skill level 1 in Evocations
   568 | D        | Reached XP level 7. HP: 19/40 MP: 8/17
   569 | D        | Killed a yak
   570 | D        | Reached skill level 5 in Dodging
   570 | D        | Reached skill level 13 in Earth Magic
   570 | D        | Killed a troll
   571 | D        | Reached XP level 8. HP: 22/45 MP: 10/20
   571 | D        | Reached ** piety under Vehumet
   733 | D        | Learned a level 5 spell: Lee's Rapid Deconstruction
   738 | D        | Learned a level 4 spell: Petrify
   742 | D        | Noticed a six-headed hydra
   742 | D        | Noticed a tengu warrior
   742 | D        | Noticed a tarantella
   742 | D        | Noticed a shadow
   742 | D        | Noticed a troll
   742 | D        | Noticed a centaur warrior
   746 | D        | Killed a six-headed hydra
   746 | D        | Offered knowledge of Magic Dart by Vehumet.
   747 | D        | Reached skill level 1 in Unarmed Combat
   747 | D        | Reached skill level 10 in Spellcasting
   747 | D        | Reached skill level 15 in Earth Magic
   747 | D        | Reached XP level 9. HP: 45/50 MP: 11/23
   751 | D        | Killed a tengu warrior
   753 | D        | Reached skill level 16 in Earth Magic
   754 | D        | Reached *** piety under Vehumet
   762 | D        | Killed a troll
   763 | D        | Shot with an arrow by a centaur warrior

Illustrated notes

Levels and vault maps discovered:
D:        linesprint [early_d, line_temple, items_1, d_10, items_2, lair_1,
          lair_end, items_3, orc_1, orc_end, items_4, d_15, swamp_1, shoals_1,
          snake_1, spider_1, d_20, vaults_1, items_5, swamp_end, shoals_end,
          snake_end, spider_end, vaults_end, d_27, items_6, zot_1, zot_end,
          crypt_end, forest_end, elf_end, slime_end, tomb_end, abyss_end,
          pan_hell_end]

Skill      XL: |  1  2  3  4  5  6  7  8  9 |
---------------+----------------------------+-----
Earth Magic    | 6 7 10 12 13 15 16 | 16.4
Stealth        | 4 5 6 7 |  7.2
Dodging        | 2 3 4 5 6 |  6.4
Spellcasting   | 3 4 6 7 8 10 11 | 11.7
Fighting       | 2 3 |  3.4
Evocations     | 1 2 3 |  3.2
Unarmed Combat | 1 |  1.2
Transmutations | |  0.8

Action                   |  1- 3 |  4- 6 |  7- 9 || total
-------------------------+-------+-------+-------++-------
Melee: Unarmed           |       |     1 |       ||     1
 Cast: Sandblast         |    14 |       |     2 ||    16
       Stone Arrow       |       |     1 |     1 ||     2
       Lee's Rapid Decon |       |       |     6 ||     6
Evoke: Wand              |       |     3 |     4 ||     7
  Use: Potion            |       |     1 |     1 ||     2
Armor: Robe              |     6 |     2 |       ||     8
Dodge: Dodged            |     9 |     2 |     1 ||    12

Table legend: (Time is in decaauts)
 A = Elapsed time spent in this place.
 B = Non-inter-level travel time spent in this place.
 C = Inter-level travel time spent in this place.
 D = Time resting spent in this place.
 E = Time spent auto-exploring this place.
 F = Levels seen in this place.
 G = Mean time per level.
                   A        B        C        D        E       F      G
               +--------+--------+--------+--------+--------+-----+--------+
         Total |    761 |    761 |      0 |    575 |      3 |   1 |  761.0 |
       Dungeon |    761 |    761 |      0 |    575 |      3 |   1 |  761.0 |
               +--------+--------+--------+--------+--------+-----+--------+

Top non-repeatable levels by time:
       D: 761 daAuts
